Map: Moonlight Madness LE (Void)

Players

ImotoFantasy

  • Race: Protoss Protoss
  • League: Grandmaster

IIIIIIIIIIII - Winner!

  • Race: Protoss Protoss
  • League: Platinum

VOD

Have the link to the VOD?

Description

Time

  • Played on: Oct. 25, 2015, 1:02 p.m.
  • Length: 16:06
Show
View Real Time Build Order
Export as new Build Order

ImotoFantasy Protoss 

Build Orders:  

Get SALT Encoding   

  12  0:00  Probe (Chrono Boost)  
  13  0:11  Probe (Chrono Boost)  
  14  0:18  Pylon  
  14  0:22  Probe (Chrono Boost)  
  15  0:36  Probe (Chrono Boost)  
  15  0:39  Gateway  
  16  0:44  Assimilator  
  16  0:47  Probe (Chrono Boost)  
  17  0:54  Assimilator  
  17  0:57  Probe (Chrono Boost)  
  18  1:04  Pylon  
  18  1:08  Probe (Chrono Boost)  
  19  1:19  Probe (Chrono Boost)  
  20  1:26  Cybernetics Core  
  20  1:29  Probe (Chrono Boost)  
  22  1:40  Probe (Chrono Boost)  
  22  1:49  Zealot (Chrono Boost)  
  24  1:57  Gateway  
  24  2:01  Gateway  
  24  2:03  Warp Gate (Chrono Boost)  
  24  2:23  Stalker  
  26  2:37  Gateway  
  26  2:46  Pylon  
  26  2:47  Stalker x2  
  27  3:56  Stalker x4  
  35  4:04  Pylon  
  35  4:20  Stalker x2  
  35  4:23  Stalker x2  
  43  4:28  Robotics Facility  
  43  4:58  Probe  
  38  5:08  Stalker x2  
  38  5:10  Nexus  
  36  5:28  Stalker x2  
  40  5:30  Probe  
  41  5:35  Pylon  
  41  5:49  Zealot x2  
  45  6:01  Stalker  
  47  6:10  Zealot x2  
  45  6:36  Zealot x4  
  52  6:40  Probe x2  
  53  6:51  Probe  
  53  6:52  Probe  
  49  7:03  Probe  
  49  7:04  Probe  
  49  7:12  Mothership Core, Pylon  
  52  7:15  Observer  
  52  7:18  Probe  
  53  7:24  Robotics Bay  
  53  7:34  Probe x2  
  53  7:36  Pylon  
  55  7:42  Robotics Facility  
  56  7:51  Probe  
  56  7:52  Probe  
  56  7:56  Immortal (Chrono Boost)  
  61  8:12  Extended Thermal Lance (Chrono Boost)  
  61  8:26  Zealot x3  
  67  8:27  Zealot  
  57  8:50  Zealot  
  57  8:51  Zealot x3  
  57  8:56  Colossus x2 (Chrono Boost)  
  69  9:22  Nexus  
  69  9:24  Pylon  
  69  9:30  Probe x2  
  71  9:36  Zealot x2  
  71  9:37  Zealot  
  77  9:46  Immortal (Chrono Boost)  
  77  9:48  Zealot  
  81  9:58  Zealot x2  
  81  9:59  Zealot  
  81  10:06  Twilight Council  
  81  10:08  Probe x2  
  83  10:34  Colossus x2 (Chrono Boost)  
  89  10:38  Probe  
  89  10:39  Probe x2  
  92  10:47  Assimilator  
  92  10:50  Assimilator  
  92  10:51  Probe  
  92  10:52  Probe  
  92  10:53  Probe  
  95  11:00  Forge  
  95  11:05  Assimilator  
  95  11:06  Charge  
  95  11:09  Assimilator  
  95  11:10  Probe x2  
  97  11:19  Sentry  
  97  11:20  Sentry  
  101  11:33  Pylon  
  101  11:39  Pylon  
  101  11:49  Probe  
  101  11:51  Mothership Core, Probe  
  105  11:59  Zealot x2  
  105  12:00  Zealot x2  
  85  12:17  Protoss Ground Weapons Level 1 (Chrono Boost)  
  85  12:19  Colossus (Chrono Boost)  
  85  12:20  Zealot x4  
  85  12:22  Immortal (Chrono Boost)  
  101  12:41  Gateway  
  101  12:44  Gateway  
  101  12:47  Gateway  
  101  12:48  Gateway  
  101  12:51  Zealot x4  
  105  12:52  Photon Cannon  
  109  13:03  Immortal (Chrono Boost)  
  113  13:14  Immortal (Chrono Boost)  
  115  13:50  Zealot  
  116  13:57  Zealot  
  116  14:00  Immortal (Chrono Boost)  
  114  14:08  Pylon x2  
  104  14:11  Pylon  
  91  14:30  Zealot x3  
  91  14:31  Zealot x3  
  77  14:46  Zealot  
  77  14:47  Zealot  
  75  14:59  Zealot  
  71  15:00  Zealot  
  36  15:33  Zealot x3  
  36  16:00  Zealot  
Show
View Real Time Build Order
Export as new Build Order

IIIIIIIIIIII Protoss - Winner!

Build Orders: 1 Gate Expand 

Get SALT Encoding   

  12  0:01  Probe (Chrono Boost)  
  13  0:12  Probe (Chrono Boost)  
  14  0:20  Pylon  
  14  0:23  Probe (Chrono Boost)  
  15  0:38  Probe (Chrono Boost)  
  15  0:42  Gateway  
  16  0:49  Probe (Chrono Boost)  
  17  0:59  Probe (Chrono Boost)  
  18  1:10  Probe (Chrono Boost)  
  19  1:17  Nexus  
  19  1:21  Probe (Chrono Boost)  
  19  1:25  Assimilator  
  20  1:35  Probe (Chrono Boost)  
  20  1:36  Cybernetics Core  
  21  1:40  Assimilator  
  22  1:47  Probe (Chrono Boost)  
  22  1:51  Pylon  
  22  1:57  Probe (Chrono Boost)  
  23  2:09  Probe (Chrono Boost)  
  24  2:17  Pylon  
  24  2:20  Warp Gate (Chrono Boost)  
  25  2:25  Mothership Core (Chrono Boost)  
  25  2:28  Probe (Chrono Boost)  
  27  2:39  Probe  
  27  2:41  Pylon  
  30  2:45  Sentry, Probe  
  30  2:51  Gateway  
  31  2:55  Probe  
  31  2:57  Probe  
  33  3:06  Probe  
  33  3:09  Probe  
  35  3:16  Probe  
  35  3:25  Probe  
  36  3:27  Probe  
  36  3:31  Robotics Facility  
  37  3:37  Probe x2  
  39  3:42  Gateway  
  39  3:47  Sentry  
  39  3:48  Probe  
  41  3:49  Assimilator  
  41  3:50  Probe  
  41  3:53  Assimilator  
  43  3:58  Probe  
  43  3:59  Pylon  
  44  4:04  Probe  
  44  4:09  Probe  
  45  4:10  Pylon  
  45  4:11  Gateway  
  45  4:17  Zealot  
  46  4:21  Immortal (Chrono Boost)  
  50  4:26  Probe  
  50  4:28  Probe  
  51  4:39  Stalker x2  
  51  4:40  Stalker  
  51  4:42  Mothership Core  
  50  4:52  Probe  
  43  4:58  Immortal (Chrono Boost)  
  46  5:03  Probe  
  46  5:04  Probe  
  44  5:07  Zealot x2  
  42  5:14  Stalker  
  40  5:24  Probe  
  40  5:25  Probe  
  41  5:29  Stalker  
  41  5:31  Zealot  
  41  5:46  Zealot  
  43  5:58  Zealot x2  
  43  6:03  Pylon  
  47  6:11  Immortal (Chrono Boost)  
  47  6:17  Stalker  
  41  6:26  Zealot x2  
  41  6:42  Stalker  
  41  6:43  Probe x2  
  45  6:48  Stalker  
  45  6:53  Zealot  
  45  7:04  Probe  
  45  7:07  Probe  
  47  7:11  Sentry  
  49  7:17  Mothership Core  
  49  7:21  Sentry, Probe  
  54  7:26  Observer (Chrono Boost)  
  55  7:30  Sentry x2  
  55  7:31  Probe  
  60  7:38  Probe  
  60  7:42  Probe  
  62  7:50  Probe  
  63  7:52  Probe  
  64  8:02  Probe  
  64  8:03  Probe  
  66  8:09  Zealot x2  
  70  8:17  Pylon  
  70  8:19  Pylon  
  70  8:20  Robotics Bay  
  70  8:35  Probe  
  62  8:55  Probe x2  
  61  8:58  Nexus  
  61  9:00  Immortal (Chrono Boost), Forge  
  61  9:01  Sentry x2  
  70  9:05  Gateway  
  70  9:08  Zealot x2  
  70  9:09  Probe  
  74  9:10  Probe  
  76  9:20  Probe  
  76  9:22  Probe  
  78  9:28  Pylon  
  78  9:30  Probe  
  78  9:33  Protoss Ground Weapons Level 1 (Chrono Boost)  
  78  9:36  Probe  
  80  9:40  Disruptor (Chrono Boost)  
  79  9:58  Zealot x4  
  79  10:06  Gateway  
  79  10:09  Gateway  
  79  10:15  Stalker  
  79  10:20  Disruptor (Chrono Boost)  
  82  10:32  Zealot x2  
  82  10:33  Zealot x2  
  90  10:38  Probe  
  91  10:43  Probe x2 (Chrono Boost)  
  91  10:44  Twilight Council  
  91  10:45  Assimilator  
  91  10:46  Assimilator  
  91  10:48  Pylon  
  93  10:50  Probe (Chrono Boost)  
  93  10:54  Probe (Chrono Boost)  
  93  10:56  Probe (Chrono Boost)  
  96  11:02  Probe (Chrono Boost)  
  96  11:04  Pylon  
  97  11:05  Probe (Chrono Boost)  
  97  11:07  Disruptor (Chrono Boost)  
  97  11:11  Pylon  
  101  11:13  Probe (Chrono Boost)  
  101  11:14  Twilight Council  
  102  11:20  Protoss Ground Weapons Level 2  
  102  11:23  Probe (Chrono Boost)  
  103  11:30  Zealot  
  103  11:31  Zealot x5  
  115  11:38  Pylon  
  99  12:25  Probe  
  99  12:27  Gateway  
  99  12:29  Warp Prism (Chrono Boost)  
  99  12:30  Gateway x3  
  99  12:32  Robotics Facility  
  99  12:39  Charge  
  99  12:40  Templar Archives  
  99  12:41  Probe  
  100  12:46  Zealot x5  
  110  12:59  Blink  
  110  13:09  Nexus  
  110  13:14  Pylon  
  110  13:15  Probe  
  110  13:17  Colossus (Chrono Boost)  
  117  13:23  Disruptor (Chrono Boost)  
  120  13:37  Colossus (Chrono Boost)  
  120  13:40  Zealot x2  
  120  13:41  Zealot x7  
  132  13:42  Zealot x2  
  138  14:01  Disruptor (Chrono Boost), High Templar x4  
  138  14:02  High Templar x2  
  147  14:09  Pylon  
  147  14:10  Pylon  
  147  14:12  Pylon  
  143  14:24  Archon  
  121  14:28  Zealot x5  
  117  14:32  Disruptor (Chrono Boost)  
  102  14:42  Zealot x2  
  102  14:43  Zealot x4  
  105  14:47  Disruptor (Chrono Boost)  
  93  14:56  Zealot x5  
  83  15:16  Zealot x3  
  83  15:17  Zealot  
  80  15:40  Pylon  
  80  15:41  Probe  
  80  15:42  Probe  
  82  15:44  Probe  
  83  15:53  Probe  
  86  16:03  Photon Cannon  
Tags
 
Add a new tag
Caveats
  • Supply blocks, unpowered buildings, or Contaminate may cause inaccurate times.
  • Supply counts are checked every 10 seconds.